 Dungeon Crawl Stone Soup version 0.25-a0-404-gc1b5a34292 (webtiles) character file.

Game seed: 3019312108243231346, levelgen mode: deterministic

11268 LSt the Arsonist (level 11, -21/90 HPs)
             Began as a Deep Elf Fire Elementalist on Jan 11, 2020.
             Was a Believer of Sif Muna.
             Killed from afar by a frost giant (57 damage)
             ... with a bolt of cold
             ... in an ice cave.
             The game lasted 02:11:10 (13572 turns).

LSt the Arsonist (Deep Elf Fire Elementalist)      Turns: 13572, Time: 02:11:10

Health: -21/90     AC: 25    Str:  5    XL:     11   Next: 47%
Magic:  10/26      EV:  2    Int: 27    God:    Sif Muna [**....]
Gold:   433        SH:  0    Dex: 15    Spells: 12/28 levels left

rFire    . . .     SeeInvis .   C - +0 whip (venom)
rCold    . . .     Gourm    .   (no shield)
rNeg     + + +     Faith    .   (armour currently unavailable)
rPois    +         Spirit   .   (helmet currently unavailable)
rElec    .         Reflect  .   (cloak currently unavailable)
rCorr    .         Harm     .   (gloves currently unavailable)
MR       +....     NoTele   +   (boots currently unavailable)
Stlth    +++.......             (no amulet)
HPRegen  0.25/turn              G - +3 ring of intelligence
MPRegen  0.20/turn              p - ring of wizardry

@: tree-form
A: no striking features
a: Channel Magic, Renounce Religion


You were in an ice cave.
You worshipped Sif Muna.
Sif Muna was pleased with you.
You were not hungry.
You were a tree.
You visited 2 branches of the dungeon, and saw 10 of its levels.
You also visited: Ice Cave.

You collected 433 gold pieces.

Inventory:

Hand Weapons
 e - a +0 short sword
 m - a +0 shortbow
 s - a +2 hunting sling of freezing
 w - a +0 trident
 y - a +4 dire flail of holy wrath
 C - a +0 whip of venom (weapon)
 I - a cursed -1 hunting sling
 K - a +0 hand crossbow
 L - a +2 dagger of chaos
 N - a cursed -1 spear
Missiles
 d - 310 stones (quivered)
 r - 130 bolts
 t - 54 sling bullets
 u - 15 boomerangs
 M - 126 arrows
Armour
 h - a +0 pair of boots (melded)
 A - a +0 shield
 D - a +0 helmet (melded)
 P - a +1 robe of the Archmagi (melded)
Jewellery
 a - a +4 ring of dexterity
 p - a ring of wizardry (right branch)
 G - a +3 ring of intelligence (left branch)
Wands
 q - a wand of paralysis (6)
 z - a wand of polymorph (7)
 J - a wand of enslavement (9)
 U - a wand of disintegration (2)
 V - a wand of random effects (20)
Scrolls
 g - a scroll of noise
 o - a scroll of immolation {unknown}
 v - a scroll of identify
 x - 2 scrolls of amnesia {unknown}
 B - 2 scrolls of remove curse
 E - 3 scrolls of fear
 F - 2 scrolls of teleportation
 H - 2 scrolls of vulnerability
 R - a scroll of blinking {unknown}
 S - a scroll of holy word {unknown}
Potions
 b - a potion of heal wounds
 f - a potion of magic
 i - 5 potions of curing
 k - 4 potions of might
 l - 2 potions of cancellation
 n - a potion of agility
 O - a potion of brilliance
 Q - a potion of flight {unknown}
 T - 3 potions of haste
Comestibles
 c - 7 rations
 W - 5 chunks of flesh


   Skills:
 - Level 3.0 Fighting
 + Level 6.5 Dodging
 + Level 6.6 Stealth
 - Level 9.0 Spellcasting
 + Level 10.9 Conjurations
 + Level 11.3 Fire Magic
 - Level 6.0 Invocations


You had 12 spell levels left.
You knew the following spells:

 Your Spells              Type           Power        Failure   Level  Hunger
a - Foxfire               Conj/Fire      ####         1%          1    None
b - Conjure Flame         Conj/Fire      ######..     1%          3    None
c - Inner Flame           Hex/Fire       #####...     1%          3    None
d - Sticky Flame          Conj/Fire      ######..     1%          4    #......
e - Fireball              Conj/Fire      ######....   1%          5    ####...

Your spell library contained the following spells:

 Spells                   Type           Power        Failure   Level  Hunger
 Animate Skeleton         Necr           N/A          1%          1    None
 Corona                   Hex            ##.....      1%          1    None
 Pain                     Necr           ##..         1%          1    None
 Summon Small Mammal      Summ           ##..         1%          1    None
 Dazzling Flash           Conj/Hex       #####.       1%          3    None
 Slow                     Hex            ##......     2%          2    None
 Portal Projectile        Hex/Tloc       ##....       6%          3    None
 Tukima's Dance           Hex            ##......     6%          3    None
 Vampiric Draining        Necr           ##........   6%          3    None
 Animate Dead             Necr           N/A          19%         4    #......
 Cause Fear               Hex            ##........   19%         4    #......
 Leda's Liquefaction      Hex/Erth       ##........   19%         4    #......
 Agony                    Necr           ##......     45%         5    ####...
 Silence                  Hex/Air        ##........   45%         5    ####...


Dungeon Overview and Level Annotations

Branches:
Dungeon (11/15)            Temple (1/1) D:5           IceCv (1/1)
   Lair: D:8-11         Orc: D:9-12

Altars:
Ashenzari
Cheibriados
Dithmenos
Elyvilon
Fedhas
Kikubaaqudgha
Makhleb
Okawaru
Ru
Sif Muna
Trog
Uskayaw
Vehumet
Wu Jian
Xom
Yredelemnul
The Shining One

Annotations:
D:7 4 runed translucent doors


Message History

The floor.
You hit the frost giant but do no damage.
The frost giant is poisoned.
The frost giant is heavily wounded.
The frost giant burns! x2
Press: ? - help, v - describe, . - travel
Here: a frost giant, wielding a +1 battleaxe of freezing (flame, heavily wounded, very poisoned, covered in liquid flames)
The floor.
You hit the frost giant.
The frost giant looks as sick as possible!
The frost giant is heavily wounded.
The frost giant burns!
The frost giant stops burning.
The frost giant is engulfed in blazing flames.
The frost giant casts a spell at you.
The bolt of cold hits you but does no damage.
The frost giant is engulfed in blazing flames.
The frost giant casts a spell at you. The bolt of cold hits you!!!
Ouch! That really hurt!
You die...

##≈≈≈≈≈≈≈≈ ≈≈≈≈≈≈≈≈≈≈
≈≈≈≈#≈≈# ##≈≈≈##### #
#≈≈≈##...### .#
≈≈≈#≈..##..## ...
≈#≈≈.#####..# C...
######..#..########
....#
#.###.#..#..†##.♣C##...#
.⌠.#.########.÷.##.†.#
#.#.## ########## #####


You could see a frost giant.

Vanquished Creatures
  A death yak (IceCv)
  An ugly thing (D:11)
  An ice statue (IceCv)
  A komodo dragon (D:11)
  A rime drake (IceCv)
  A troll (D:11)
  15 polar bears (IceCv)
  Grinder (D:4)
  A hippogriff (D:11)
  Sigmund (D:5)
  10 yaks (IceCv)
  Eustachio (D:4)
  A basilisk (D:11)
  Menkaure (D:4)
  Edmund (D:4)
  3 orc warriors
  2 black bears
  2 phantoms
  10 wolves (IceCv)
  2 ogres (D:5)
  3 centaurs (D:7)
  A bullfrog (D:7)
  A big kobold (D:11)
  2 scorpions
  5 wights (D:11)
  6 howler monkeys
  6 crimson imps
  A centaur zombie (D:6)
  2 centaur skeletons
  A jelly (D:6)
  3 hounds
  A bullfrog skeleton (D:8)
  Ijyb (D:4)
  2 iguanas
  Natasha (thrice) (D:3)
  10 orc wizards
  5 worker ants
  A killer bee zombie (D:2)
  A hound skeleton (D:4)
  Robin (D:4)
  4 gnolls (D:4)
  7 adders
  5 shadow imps
  An ooze (D:3)
  An adder zombie (D:5)
  3 worms
  5 dart slugs
  3 leopard geckos
  11 orcs
  10 bats
  8 giant cockroaches
  20 goblins
  10 hobgoblins
  6 jackals
  4 quokkas
  A ball python (D:3)
  4 frilled lizards
  18 kobolds
  A leopard gecko skeleton (D:5)
  8 rats
243 creatures vanquished.

Vanquished Creatures (others)
  3 polar bears (IceCv)
  2 yaks (IceCv)
  2 wolves (IceCv)
  A jelly (D:5)
  A dart slug (D:5)
  588 foxfires
597 creatures vanquished.

Grand Total: 840 creatures vanquished

Notes
Turn   | Place    | Note
-------+----------+-------------------------------------------
     0 | D:1      | LSt the Deep Elf Fire Elementalist began the quest for the
                  | Orb.
     0 | D:1      | Reached XP level 1. HP: 10/10 MP: 6/6
   193 | D:1      | Reached XP level 2. HP: 7/15 MP: 1/8
   610 | D:1      | Reached skill level 4 in Fire Magic
   730 | D:1      | Reached XP level 3. HP: 19/19 MP: 6/9
   736 | D:1      | Learned a level 3 spell: Conjure Flame
   740 | D:1      | Learned a level 3 spell: Inner Flame
  1323 | D:2      | Found a burning altar of Makhleb.
  1445 | D:2      | Found a hide-covered altar of Uskayaw.
  1597 | D:2      | Reached XP level 4. HP: 24/24 MP: 3/10
  2078 | D:2      | Found a snail-covered altar of Cheibriados.
  2713 | D:3      | Reached skill level 5 in Fire Magic
  2713 | D:3      | Reached XP level 5. HP: 21/28 MP: 6/11
  3001 | D:3      | Noticed Natasha
  3006 | D:3      | Killed Natasha
  3046 | D:3      | Noticed Natasha
  3050 | D:3      | Killed Natasha
  3792 | D:4      | Noticed Edmund
  3799 | D:4      | Killed Edmund
  3799 | D:4      | Reached skill level 5 in Spellcasting
  3799 | D:4      | Reached XP level 6. HP: 32/32 MP: 5/15
  3805 | D:4      | Learned a level 4 spell: Sticky Flame
  3963 | D:4      | Found a bloodstained altar of Trog.
  3979 | D:4      | Found a shimmering altar of Xom.
  4048 | D:3      | Noticed Natasha
  4052 | D:3      | Killed Natasha
  4385 | D:4      | Found a shadowy altar of Dithmenos.
  4392 | D:4      | Reached skill level 5 in Conjurations
  4392 | D:4      | Noticed Robin
  4424 | D:4      | Killed Robin
  4424 | D:4      | Reached skill level 6 in Fire Magic
  4646 | D:4      | Noticed Menkaure
  4651 | D:4      | Killed Menkaure
  4651 | D:4      | Reached XP level 7. HP: 36/36 MP: 10/16
  4659 | D:4      | Noticed Grinder
  4666 | D:4      | Killed Grinder
  4666 | D:4      | Reached skill level 7 in Fire Magic
  4918 | D:4      | Noticed Eustachio
  4941 | D:4      | Killed Eustachio
  5169 | D:4      | Reached XP level 8. HP: 41/41 MP: 17/17
  5398 | D:4      | Noticed Ijyb
  5430 | D:5      | Entered Level 5 of the Dungeon
  5477 | D:5      | Learned a level 5 spell: Fireball
  5503 | D:5      | Found a staircase to the Ecumenical Temple.
  5512 | Temple   | Entered the Ecumenical Temple
  5603 | Temple   | Became a worshipper of Sif Muna the Loreminder
  5788 | D:5      | Found a shadowy altar of Dithmenos.
  5817 | D:5      | Noticed Sigmund
  5859 | D:5      | Reached skill level 8 in Fire Magic
  6036 | D:5      | Found a glowing golden altar of the Shining One.
  6184 | D:5      | Found a sacrificial altar of Ru.
  6186 | D:5      | Found a blossoming altar of Fedhas.
  6470 | D:4      | Killed Ijyb
  6999 | D:5      | Found a radiant altar of Vehumet.
  7256 | D:5      | Killed Sigmund
  7256 | D:5      | Reached skill level 1 in Fighting
  7732 | D:6      | Reached * piety under Sif Muna
  7857 | D:6      | Reached skill level 1 in Invocations
  7919 | D:6      | Reached XP level 9. HP: 47/47 MP: 10/21
  9035 | D:7      | Reached skill level 5 in Invocations
  9749 | D:7      | Found a huge runed translucent gate.
  9749 | D:7      | Found a huge runed translucent gate.
  9750 | D:7      | Found a huge runed translucent gate.
  9751 | D:7      | Found a huge runed translucent gate.
  9751 | D:7      | Noticed a polar bear
  9752 | D:7      | Noticed a polar bear
  9752 | D:7      | Noticed a polar bear
  9752 | D:7      | Noticed a polar bear
  9752 | D:7      | Noticed a death yak
  9752 | D:7      | Noticed a polar bear
  9775 | D:7      | Reached skill level 9 in Fire Magic
 10477 | D:8      | Found a shattered altar of Ashenzari.
 10748 | D:8      | You fall into a shaft and drop 3 floors!
 10782 | D:11     | Noticed a komodo dragon
 10820 | D:11     | Killed a komodo dragon
 10834 | D:11     | Noticed a troll
 10910 | D:11     | Killed a troll
 11043 | D:11     | Reached XP level 10. HP: 52/52 MP: 8/22
 11045 | D:11     | Noticed a green ugly thing
 11069 | D:11     | Reached ** piety under Sif Muna
 11081 | D:11     | Killed a green ugly thing
 11096 | D:11     | Reached skill level 10 in Fire Magic
 11325 | D:11     | Found a frozen archway.
 11364 | IceCv    | Entered an ice cave
 11373 | IceCv    | Reached skill level 5 in Stealth
 11377 | IceCv    | Reached skill level 5 in Dodging
 11439 | IceCv    | Noticed an ice statue
 11607 | IceCv    | Killed an ice statue
 11646 | IceCv    | Identified Ajaossarche's Papyrus of Creative Malediction
 12012 | IceCv    | Reached skill level 10 in Conjurations
 12332 | IceCv    | Reached XP level 11. HP: 60/60 MP: 1/25
 12895 | IceCv    | Reached skill level 11 in Fire Magic
 13404 | IceCv    | Noticed a death yak
 13413 | IceCv    | Killed a death yak
 13541 | IceCv    | Noticed a frost giant
 13572 | IceCv    | Killed from afar by a frost giant

Levels and vault maps discovered:
D:1:      dpeg_arrival_three_same_balls, layout_loops_ring, st_stairs_3
D:2:      layout_basic, eat_drink_and_be_merry_uskayaw,
          overflow_temple_1_default, fountainhead, bloody_makhleb
D:3:      layout_basic, minmay_misc_feat_rows, uniq_natasha
D:4:      layout_cave_pods, kennysheep_mini, nicolae_overflow_crystal_walls,
          first_ration, led_xom_imps, uniq_robin, uniq_edmund, uniq_ijyb,
          uniq_menkaure, uniq_grinder, uniq_eustachio
D:5:      layout_basic, fiery_altar_vehumet,
          gammafunk_temple_overflow_forgotten, minmay_temple_entry_arrows,
          basic_altar, uniq_sigmund
D:6:      minmay_flawed_box, layout_loops_ring
D:7:      lemuel_bear_cage, layout_basic
D:8:      lemuel_upstairs_altar, layout_loops_ring,
          nicolae_ashenzari_panopticon, nicolae_gozag_zags_fifth_avenue
D:11:     layout_basic, portal_ice_cave_entry_pillars_2
Temple:   minmay_temple_curvy_loop
IceCv:    ice_cave_caverns_03

Skill      XL: |  1  2  3  4  5  6  7  8  9 10 11 |
---------------+----------------------------------+-----
Conjurations   | 2 3 4 5 6 7 9 10 | 10.9
Fire Magic     | 4 5 6 7 8 9 10 11 | 11.3
Spellcasting   | 5 6 7 8 9 |  9.0
Fighting       | 1 3 |  3.0
Stealth        | 3 4 5 6 |  6.6
Invocations    | 2 5 6 |  6.0
Dodging        | 5 6 |  6.5

Action                   |  1- 3 |  4- 6 |  7- 9 | 10-12 || total
-------------------------+-------+-------+-------+-------++-------
Melee: Short sword       |     4 |     5 |       |       ||     9
       Dire flail        |       |       |    10 |       ||    10
       Whip              |       |       |       |     6 ||     6
 Fire: Hunting sling     |       |     6 |    35 |       ||    41
Throw: Stone             |     1 |       |     2 |     5 ||     8
 Cast: Foxfire           |    69 |   107 |   147 |    32 ||   355
       Sticky Flame      |       |     2 |     9 |    10 ||    21
       Conjure Flame     |       |     1 |       |     1 ||     2
       Fireball          |       |       |    33 |    70 ||   103
       Inner Flame       |       |       |     1 |       ||     1
Invok: Channel Magic     |       |       |       |     4 ||     4
  Use: Scroll            |       |     2 |     9 |     4 ||    15
       Potion            |       |       |       |     3 ||     3
  Eat: Chunk             |     2 |     9 |    24 |    12 ||    47
       Ration            |       |       |     1 |     3 ||     4
Armor: Robe              |     3 |     5 |     6 |     2 ||    16
       Skin              |       |       |       |     1 ||     1
Dodge: Dodged            |     6 |    17 |    33 |    13 ||    69

Table legend:
 A = Non-vault XP
 B = Vault XP
 C = Vault XP percentage of total XP
 D = Non-vault monster count
 E = Vault monster count
 F = Vault count percentage of total count
                 A         B        C        D         E       F
            +---------+---------+-------+---------+---------+-------
      Total |    5421 |   10677 |  66.3 |     174 |      69 |  28.4
            +---------+---------+-------+---------+---------+-------
        D:1 |      57 |       5 |   8.1 |      30 |       2 |   6.2
        D:2 |      73 |       0 |   0.0 |      19 |       0 |   0.0
        D:3 |     189 |      35 |  15.6 |      32 |       1 |   3.0
        D:4 |     238 |    1069 |  81.8 |      12 |      21 |  63.6
        D:5 |     499 |     223 |  30.9 |      14 |       1 |   6.7
        D:6 |     746 |     225 |  23.2 |      23 |       6 |  20.7
        D:7 |     994 |       0 |   0.0 |      18 |       0 |   0.0
        D:8 |     202 |       0 |   0.0 |       3 |       0 |   0.0
       D:11 |    2423 |       0 |   0.0 |      23 |       0 |   0.0
      IceCv |       0 |    9120 | 100.0 |       0 |      38 | 100.0
            +---------+---------+-------+---------+---------+-------
